 Dungeon Crawl Stone Soup version 0.27.0-1-g7a089689b8 (webtiles) character file.

Game seed: 6745468016176907692

26 sanka the Magician (level 3, -2/16 HPs)
             Began as a Vine Stalker Hedge Wizard on Aug 1, 2021.
             Slain by a quokka (3 damage)
             ... on level 1 of the Dungeon.
             The game lasted 00:00:57 (880 turns).

sanka the Magician (Vine Stalker Hedge Wizard)       Turns: 880, Time: 00:00:58

Health: -2/16      AC:  2    Str: 13    XL:     3   Next: 8%
Magic:  0/9        EV: 16    Int: 14    God:
Gold:   30         SH:  0    Dex: 13    Spells: 8/9 levels left

rFire    . . .     SeeInvis .   a - +0 dagger
rCold    . . .     Faith    .   (no shield)
rNeg     . . .     Spirit   +   b - +0 robe
rPois    .         Reflect  .   c - +0 hat
rElec    .         Harm     .   (no cloak)
rCorr    .         Rampage  .   (no gloves)
Will     .....                  (no boots)
Stlth    ++........             (no amulet)
HPRegen  0.05/turn              (no ring)
MPRegen  0.11/turn              d - +4 ring of evasion

@: no status effects
A: fangs 2, magic shield, antimagic bite, no potion heal 2
a: no special abilities


You were on level 1 of the Dungeon.
You visited 1 branch of the dungeon, and saw 1 of its levels.

You collected 30 gold pieces.


Innate Abilities, Weirdness & Mutations

You have extremely sharp teeth.
When hurt, damage is shared between your health and your magic reserves.
Your bite disrupts and absorbs the magic of your enemies.
Potions cannot restore your health.


   Skills:
 - Level 1.5 Dodging
 - Level 2.4 Stealth
 + Level 3.9 Spellcasting
 - Level 1.0 Conjurations
 + Level 2.1 Summonings
 - Level 1.0 Translocations


You had 8 spell levels left.
You knew the following spells:

 Your Spells              Type           Power      Damage    Failure   Level
z - Magic Dart            Conj           20%        1d4       13%         1

Your spell library contained the following spells:

 Spells                   Type           Power      Damage    Failure   Level
 Call Imp                 Summ           8%         N/A       12%         2
 Blink                    Tloc           N/A        N/A       21%         2
 Slow                     Hex            2%         N/A       30%         2
 Conjure Flame            Conj/Fire      4%         6-21      43%         3
 Mephitic Cloud           Conj/Pois/Air  3%         N/A       45%         3

Inventory:

Hand Weapons
 a - a +0 dagger (weapon)
Armour
 b - a +0 robe (worn)
 c - a +0 hat (worn)
Jewellery
 d - a +4 ring of evasion (right hand)
Scrolls
 g - a scroll of teleportation {unknown}
Potions
 e - a potion of magic {unknown}
 f - a potion of curing {unknown}

Dungeon Overview and Level Annotations

Branches:
Dungeon (1/15)

Altars:

▒▒▒ ▒▒▒▒ ▒.▒ ▒..▒ ▒.▒
▒.▒▒▒▒▒▒..▒▒▒▒.▒▒▒▒▒▒
......rf......▒.....▒
▒.▒▒▒▒▒▒▒.▒▒▒.)▒.▒.▒.▒
▒.▒ ▒[...▒.▒▒(..
▒.▒▒▒...........
▒.......▒▒.▒▒.▒▒
▒▒▒▒▒▒▒.▒▒)▒.▒.▒
...........▒▒... ▒▒
.▒▒▒▒▒▒.▒▒▒▒ ▒.▒▒ .
▒.▒ .▒


You could see a quokka.


Message History

The quokka bites you.
* * * LOW HITPOINT WARNING * * *
You hit the quokka.
The quokka is severely wounded.
The quokka barely misses you.
You barely miss the quokka. Your bite misses the quokka.
The quokka is severely wounded.
The quokka bites you.
* * * LOW HITPOINT WARNING * * *
You miss the quokka. Your bite misses the quokka.
The quokka is heavily wounded.
The quokka misses you.
You hit the quokka. You bite the quokka, but do no damage.
The quokka is severely wounded.
The quokka misses you.
You barely miss the quokka.
The quokka is severely wounded.
The quokka bites you.
* * * LOW HITPOINT WARNING * * *
The quokka bites you but does no damage.
You hit the quokka.
The quokka is almost dead.
The quokka closely misses you.
You closely miss the quokka.
The quokka is almost dead.
The quokka bites you.
You die...

Action                   || total
-------------------------++-------
Melee: Dagger            ||    37
       Bite              ||     9
 Cast: Magic Dart        ||    43
Armor: Robe              ||     6
Dodge: Dodged            ||    36

Levels and vault maps discovered:
D:1:      saegor_arrival_simple_c, layout_loops_ring,
          hellmonk_ecumenical_altar_zigzags, serial_shops, nicolae_diamond_shop

Notes
Turn   | Place    | Note
-------+----------+-------------------------------------------
     0 | D:1      | sanka the Vine Stalker Hedge Wizard began the quest for the
                  | Orb.
     0 | D:1      | Reached XP level 1. HP: 9/9 MP: 5/5
   343 | D:1      | Reached XP level 2. HP: 13/13 MP: 3/7
   781 | D:1      | Reached skill level 2 in Summonings
   862 | D:1      | Reached XP level 3. HP: 8/16 MP: 3/9
   878 | D:1      | HP: 1/16 [quokka (2)]
   880 | D:1      | Slain by a quokka

Vanquished Creatures
  3 hobgoblins (D:1)
  4 jackals (D:1)
  2 quokkas (D:1)
  2 ball pythons (D:1)
  6 bats (D:1)
  2 frilled lizards (D:1)
  2 goblins (D:1)
  2 kobolds (D:1)
  A rat (D:1)
24 creatures vanquished.
